Map: 로맨티사이드 - 래더

Players

llllllllllll (Ryung)

  • Race: Terran Terran
  • League: Grandmaster
  • Spawn Location: 5:00

llllllllllll - Winner!

  • Race: Terran Terran
  • Spawn Location: 11:00

VOD

Have the link to the VOD?

Description

Time

  • Played on: Dec. 8, 2020, 6:09 a.m.
  • Length: 21:49
Show
View Real Time Build Order
Export as new Build Order

llllllllllll Terran 

Build Orders: Gas First Reaper Expand, Hellion Opening 

Get SALT Encoding   

  12  0:00  SCV  
  13  0:12  SCV  
  14  0:18  Supply Depot  
  14  0:24  SCV  
  15  0:29  Refinery  
  15  0:39  SCV  
  16  0:44  Barracks  
  16  0:51  SCV  
  17  1:03  SCV  
  18  1:16  SCV  
  19  1:30  Orbital Command  
  19  1:31  Reaper  
  20  1:41  Command Center  
  20  1:51  Factory  
  20  1:56  SCV  
  21  2:07  Barracks Reactor  
  21  2:08  SCV  
  21  2:12  Supply Depot  
  21  2:14  Refinery  
  22  2:20  SCV  
  23  2:33  SCV  
  23  2:36  Hellion  
  26  2:41  Starport  
  26  2:43  Marine  
  26  2:44  Marine  
  28  2:46  SCV  
  29  2:53  Orbital Command  
  29  2:58  SCV  
  30  3:08  Hellion x2  
  30  3:10  SCV  
  35  3:13  Marine  
  35  3:18  Medivac  
  35  3:19  SCV  
  39  3:22  SCV  
  40  3:29  Supply Depot  
  40  3:31  Hellion  
  40  3:33  Hellion  
  44  3:35  Marine  
  42  3:46  SCV  
  41  3:51  SCV  
  41  3:52  Hellion  
  41  3:54  Starport Tech Lab, Hellion  
  46  3:58  SCV  
  46  4:01  Supply Depot  
  47  4:03  SCV  
  48  4:10  SCV  
  48  4:14  Raven  
  48  4:15  SCV  
  52  4:21  Supply Depot  
  52  4:22  SCV, Marine x2, Refinery  
  52  4:23  Factory Tech Lab  
  55  4:27  SCV  
  55  4:30  Supply Depot  
  56  4:34  SCV  
  57  4:39  SCV  
  57  4:44  Siege Tank  
  57  4:45  Marine x2  
  61  4:46  SCV  
  61  4:52  SCV  
  63  4:55  Command Center  
  63  4:57  Raven  
  63  4:58  SCV  
  66  5:05  SCV  
  67  5:11  SCV  
  68  5:16  Siege Tank  
  68  5:17  SCV  
  68  5:18  Marine x2  
  68  5:19  Refinery  
  68  5:21  Supply Depot  
  74  5:23  SCV  
  75  5:29  SCV  
  75  5:32  Supply Depot  
  75  5:35  SCV  
  77  5:41  SCV  
  78  5:46  Starport Reactor  
  78  5:47  SCV  
  78  5:49  Marine, Barracks  
  80  5:50  Stimpack, Barracks  
  80  5:52  Siege Tank  
  80  5:53  SCV  
  84  5:59  SCV, Engineering Bay  
  84  6:01  Supply Depot, Engineering Bay  
  85  6:05  SCV  
  86  6:11  SCV  
  86  6:12  Orbital Command  
  86  6:17  Marine  
  86  6:18  SCV  
  89  6:23  SCV  
  90  6:28  Barracks, Terran Infantry Weapons Level 1, Terran Infantry Armor Level 1  
  90  6:30  SCV, Starport Reactor  
  90  6:31  Barracks  
  91  6:34  Siege Tank  
  91  6:35  SCV  
  91  6:39  Marine x3  
  98  6:44  SCV  
  98  6:45  SCV  
  98  6:46  Marine x2  
  102  6:47  Refinery  
  102  6:56  Supply Depot, Refinery  
  102  6:57  Supply Depot  
  102  6:58  SCV x3  
  105  7:02  Supply Depot x2  
  105  7:09  Marine x5  
  110  7:21  Barracks Reactor  
  108  7:23  Medivac x2, Siege Tank  
  108  7:24  Barracks Reactor  
  108  7:25  SCV x2  
  108  7:26  Marine  
  108  7:27  SCV, Marine  
  108  7:28  Marine x3, Armory  
  121  7:41  Combat Shield  
  119  7:44  Marine  
  119  7:45  Marine x3  
  119  7:46  SCV x3, Command Center  
  126  7:53  Marine, Medivac x2  
  131  8:02  Marine  
  131  8:03  Marine x2  
  131  8:04  Sensor Tower  
  134  8:06  Siege Tank  
  134  8:10  SCV x3  
  134  8:11  Factory  
  136  8:12  Supply Depot  
  136  8:13  Supply Depot  
  136  8:15  Supply Depot  
  136  8:18  Marine x4  
  136  8:19  Marine x2  
  142  8:23  Terran Infantry Weapons Level 2  
  142  8:26  Terran Infantry Armor Level 2  
  142  8:33  Marine  
  142  8:34  Marine x2  
  144  8:36  Marine x2, Viking x2  
  151  8:42  Supply Depot  
  151  8:43  Supply Depot  
  151  8:46  Siege Tank  
  151  8:47  Marine x3  
  157  8:56  Terran Vehicle Weapons Level 1  
  157  9:01  Factory Tech Lab  
  157  9:03  Marine  
  157  9:04  Marine x4  
  157  9:06  Viking x2  
  163  9:25  Marine x6  
  163  9:27  Siege Tank x2  
  163  9:29  Marine  
  163  9:30  Marine x2  
  178  9:36  Planetary Fortress  
  178  9:39  Viking x2  
  178  9:42  Starport x2  
  178  9:43  Marine x4  
  186  9:52  Marine x5  
  191  9:56  Sensor Tower  
  191  10:00  Marine x2  
  191  10:01  Marine  
  192  10:09  Viking x2  
  194  10:15  Siege Tank x2  
  194  10:17  Refinery  
  194  10:18  Refinery  
  194  10:20  Starport Tech Lab  
  194  10:21  Starport Tech Lab  
  196  10:44  Marine x4  
  196  10:48  Refinery  
  196  10:49  Sensor Tower  
  200  10:50  Corvid Reactor  
  200  10:52  Barracks  
  200  10:53  Barracks  
  200  10:55  Barracks  
  200  11:03  Command Center  
  200  11:04  Command Center  
  190  11:13  Marine x4  
  190  11:15  Siege Tank x2  
  190  11:16  Marine x2  
  190  11:17  Marine x3  
  157  11:27  Raven x2  
  157  11:31  Marine x4  
  155  11:34  Marine x3  
  155  11:39  Marine x3  
  161  11:46  Marine x2  
  159  11:48  Siege Tank x2  
  159  11:49  Marine x4  
  159  11:52  Marine  
  154  11:57  Terran Infantry Weapons Level 3  
  154  11:59  Marine x4  
  151  12:11  Terran Infantry Armor Level 3  
  151  12:14  Marine x4  
  146  12:20  Siege Tank  
  147  12:26  SCV x3  
  147  12:28  Siege Tank  
  149  12:30  Raven x2  
  149  12:36  Marine  
  154  12:38  SCV x3  
  154  12:42  Barracks Reactor  
  154  12:43  Barracks Reactor x2  
  157  12:50  Marine x4  
  147  13:03  Marine x5  
  148  13:08  Marine  
  148  13:10  Marine x3, Siege Tank x2  
  158  13:16  SCV x2  
  158  13:17  SCV  
  158  13:18  Marine  
  161  13:20  Marine  
  161  13:23  Marine  
  161  13:26  Viking x2  
  166  13:32  Raven  
  166  13:33  Raven  
  166  13:34  SCV  
  166  13:36  SCV x2  
  169  13:55  Marine x2  
  169  14:02  Marine x2  
  162  14:06  Viking x2  
  164  14:11  SCV  
  164  14:12  SCV x2  
  164  14:15  Marine x3  
  164  14:16  Marine  
  165  14:23  Siege Tank  
  165  14:27  Planetary Fortress  
  165  14:29  SCV x3  
  168  14:38  Viking  
  168  14:39  Raven x2, Viking  
  157  14:46  Marine x8  
  167  15:06  Marine x8  
  173  15:13  Marine x4  
  177  15:18  Medivac x2  
  177  15:19  Marine x3  
  183  15:22  Orbital Command  
  183  15:24  Marine  
  183  15:25  Siege Tank  
  187  15:29  Factory  
  185  15:36  Marine x2  
  185  15:37  Marine  
  188  15:55  Terran Vehicle Weapons Level 2  
  188  16:02  Sensor Tower  
  188  16:04  Refinery  
  188  16:05  Marine  
  188  16:07  Refinery  
  188  16:08  Refinery  
  188  16:22  Supply Depot  
  188  16:24  Supply Depot  
  188  16:31  Marine x2  
  188  16:43  Marine x2, Viking x3  
  188  16:45  Marine x2, Viking  
  200  16:55  Command Center  
  200  17:13  Marine  
  200  17:15  Marine x2  
  200  17:16  Marine x2  
  200  17:21  Command Center  
  200  17:22  Marine x2  
  195  17:34  Marine x5  
  200  17:38  Factory Tech Lab  
  198  18:13  Sensor Tower  
  198  18:25  Marine x2  
  200  18:27  Terran Vehicle Weapons Level 3  
  197  18:45  Marine x4  
  197  18:46  Marine x4  
  197  18:47  Siege Tank  
  200  18:51  Marine  
  196  18:56  Marine x4  
  183  19:06  Marine x8  
  183  19:07  Siege Tank  
  183  19:09  Orbital Command  
  162  19:11  Marine x2  
  162  19:16  Medivac x2  
  150  19:17  Medivac x2  
  150  19:19  Marine x4, Siege Tank  
  150  19:22  Orbital Command  
  150  19:23  Marine x2  
  150  19:24  Marine x2  
  145  19:27  SCV, Marine  
  145  19:28  Marine x2  
  151  19:38  Marine x4  
  151  19:39  SCV, Marine x2, Siege Tank  
  151  19:42  Sensor Tower  
  161  19:46  Medivac x2  
  161  19:51  SCV  
  161  19:52  Siege Tank  
  169  20:02  Marine x4  
  169  20:03  Marine x2  
  169  20:04  Raven x2  
  169  20:06  Marine x8  
  187  20:20  Marine x6  
  193  20:31  Marine x3, Viking x2  
  200  20:40  Marine x2  
  200  20:43  Siege Tank  
  200  20:44  Marine  
  184  21:00  Marine x8  
  181  21:06  Marine x4  
  181  21:11  Marine x2  
  183  21:18  Marine x2  
  170  21:20  Marine x2  
  170  21:22  Marine x2  
  121  21:26  Marine x2  
  121  21:28  Marine  
  121  21:29  Marine x3  
  121  21:30  Marine x2  
Show
View Real Time Build Order
Export as new Build Order

llllllllllll Terran - Winner!

Build Orders:  

Get SALT Encoding   

  12  0:00  SCV  
  13  0:12  SCV  
  14  0:17  Supply Depot  
  14  0:24  SCV  
  15  0:38  SCV  
  15  0:41  Barracks  
  15  0:42  Refinery  
  16  0:50  SCV  
  16  0:52  Refinery  
  17  1:02  SCV  
  18  1:14  SCV  
  19  1:30  Orbital Command, Reaper  
  20  1:33  Supply Depot  
  20  1:40  Factory  
  20  1:55  SCV  
  21  2:02  Reaper  
  21  2:07  SCV  
  23  2:15  Command Center  
  23  2:19  SCV  
  24  2:24  Hellion  
  26  2:32  SCV  
  26  2:33  Supply Depot  
  26  2:34  Reaper  
  28  2:44  SCV  
  29  2:45  Hellion  
  31  2:54  Starport  
  31  2:56  SCV  
  32  3:07  Factory Tech Lab, Barracks Reactor  
  32  3:08  SCV  
  33  3:18  Refinery  
  33  3:20  SCV  
  33  3:26  Cyclone  
  37  3:27  Orbital Command  
  37  3:30  Starport Tech Lab  
  37  3:32  SCV  
  35  3:45  SCV  
  36  3:52  Raven  
  36  3:53  Marine x2  
  39  3:57  SCV x2  
  41  4:05  Command Center  
  41  4:09  SCV x2  
  43  4:14  Siege Tank  
  46  4:19  Supply Depot  
  46  4:23  SCV x2  
  48  4:26  Marine x2  
  50  4:35  SCV x2, Raven  
  54  4:43  Supply Depot  
  53  4:47  SCV  
  53  4:49  SCV  
  54  4:58  Marine x2  
  54  4:59  SCV, Siege Tank  
  60  5:01  SCV  
  61  5:11  SCV  
  61  5:13  SCV  
  61  5:16  Refinery  
  61  5:20  Orbital Command  
  61  5:23  SCV  
  61  5:25  SCV  
  63  5:32  Supply Depot, Viking  
  63  5:33  Siege Tank, Viking  
  63  5:34  Marine  
  63  5:35  SCV, Stimpack  
  72  5:38  SCV  
  72  5:39  Orbital Command  
  74  5:51  SCV  
  74  5:52  SCV, Marine  
  74  5:55  Barracks  
  74  5:56  Supply Depot, Barracks  
  76  6:04  SCV x2  
  78  6:05  Siege Tank  
  78  6:07  Viking x2  
  85  6:14  SCV  
  85  6:16  SCV x2, Marine  
  89  6:19  Engineering Bay  
  88  6:26  SCV  
  88  6:28  SCV  
  88  6:29  SCV  
  88  6:32  Supply Depot  
  91  6:34  Marine  
  91  6:37  Supply Depot, Viking x2  
  91  6:38  SCV  
  97  6:40  SCV  
  97  6:41  Siege Tank  
  97  6:45  Terran Infantry Weapons Level 1  
  97  6:46  Engineering Bay  
  101  6:50  SCV  
  101  6:53  SCV x2, Marine  
  104  6:58  Refinery x2, Barracks Reactor  
  104  6:59  Barracks Reactor  
  104  7:00  Barracks  
  104  7:01  Barracks  
  104  7:02  SCV  
  104  7:06  SCV x2  
  107  7:14  SCV  
  107  7:15  Siege Tank  
  108  7:18  SCV x2  
  107  7:26  SCV  
  108  7:30  SCV x2  
  108  7:36  Terran Infantry Armor Level 1  
  110  7:38  SCV  
  110  7:39  Armory  
  110  7:42  SCV x2  
  110  7:43  Missile Turret  
  113  7:48  Supply Depot x2  
  113  7:49  Marine x4  
  113  7:50  Supply Depot, Barracks Reactor x2  
  117  7:51  Combat Shield  
  117  8:02  Supply Depot  
  117  8:03  Supply Depot  
  117  8:09  SCV x3, Marine x5  
  117  8:10  Siege Tank  
  117  8:11  Supply Depot  
  128  8:14  Missile Turret  
  128  8:19  Medivac x2  
  132  8:23  Sensor Tower  
  132  8:27  Marine  
  132  8:30  Command Center  
  132  8:31  Terran Vehicle Weapons Level 1  
  133  8:34  SCV x3  
  133  8:36  Supply Depot  
  133  8:39  Marine x8  
  144  8:49  Medivac x2, Siege Tank, Factory  
  144  8:53  SCV x3  
  154  8:56  Terran Infantry Weapons Level 2  
  149  9:08  Marine x8  
  158  9:16  Sensor Tower  
  157  9:21  Siege Tank  
  159  9:25  Command Center  
  159  9:26  Marine  
  159  9:28  Marine x7  
  159  9:30  Barracks Reactor  
  160  9:43  Marine  
  160  9:45  Supply Depot, Starport  
  161  9:46  Marine x5  
  161  9:47  Starport  
  161  9:52  Marine x2  
  167  9:53  Siege Tank  
  171  10:00  Terran Infantry Armor Level 2  
  171  10:01  Marine, Sensor Tower  
  171  10:03  Marine  
  171  10:04  Marine  
  171  10:08  Marine x5  
  171  10:11  Missile Turret  
  171  10:13  Siege Tank  
  179  10:14  Marine x2  
  179  10:19  Marine  
  182  10:21  Marine x2  
  182  10:25  Marine, Siege Tank  
  182  10:27  Terran Vehicle Weapons Level 2  
  188  10:35  Marine x5  
  192  10:37  Starport Tech Lab x2  
  192  10:42  Missile Turret  
  193  10:45  Siege Tank  
  193  10:47  Missile Turret  
  196  10:50  SCV x3  
  196  10:54  Orbital Command  
  196  10:56  Corvid Reactor, Command Center  
  199  11:08  Missile Turret  
  198  11:13  Marine  
  198  11:14  Marine  
  198  11:15  Marine x5  
  198  11:16  Marine x3, Siege Tank  
  173  11:28  Siege Tank  
  173  11:31  Marine  
  173  11:32  Marine  
  175  11:33  Marine x5  
  175  11:34  Marine x2  
  175  11:35  Planetary Fortress  
  175  11:39  Marine  
  177  11:48  Marine, Siege Tank  
  177  11:50  Marine x2  
  177  11:51  Raven x2  
  177  11:52  Marine  
  177  11:54  Marine x5  
  175  11:57  Marine  
  175  12:00  Orbital Command, Siege Tank  
  180  12:06  Orbital Command, Marine  
  180  12:08  SCV, Marine x2  
  168  12:10  Marine  
  168  12:12  SCV, Marine x5  
  168  12:14  SCV  
  168  12:15  Marine  
  157  12:20  SCV, Siege Tank  
  153  12:24  SCV, Marine  
  153  12:26  SCV, Marine  
  156  12:30  SCV  
  156  12:32  Siege Tank  
  156  12:33  SCV  
  156  12:38  SCV x2  
  156  12:42  Orbital Command  
  156  12:50  Terran Infantry Armor Level 3, Terran Infantry Weapons Level 3  
  154  13:02  Marine  
  154  13:03  Marine x8  
  163  13:05  Marine  
  163  13:08  SCV x3  
  167  13:15  Siege Tank x2  
  173  13:24  Marine x4  
  173  13:25  Marine x2  
  173  13:26  Marine  
  175  13:28  Marine x2  
  175  13:29  SCV x3  
  175  13:32  Marine  
  181  13:42  Marine x6  
  181  13:45  Marine  
  181  13:46  Marine x2  
  181  13:47  Siege Tank x2  
  196  13:49  Marine  
  197  14:00  Marine x2  
  199  14:06  Marine x2  
  199  14:07  Marine  
  200  14:30  Command Center x2  
  199  14:34  Refinery x2, Sensor Tower  
  192  14:40  Siege Tank x2  
  192  14:44  Raven  
  190  14:58  Raven  
  192  15:01  Medivac  
  192  15:02  Medivac  
  191  15:19  Missile Turret  
  191  15:20  Missile Turret  
  191  15:27  Raven  
  192  15:36  Command Center  
  192  15:38  Viking x2  
  192  15:41  Viking  
  187  15:43  Orbital Command  
  187  16:08  Viking x2  
  187  16:10  Viking  
  187  16:11  Viking  
  193  16:12  Terran Vehicle And Ship Armor Level 1  
  193  16:15  Starport  
  193  16:18  Starport  
  195  16:20  Armory  
  195  16:21  Hi-Sec Auto Tracking, Neosteel Armor  
  195  16:48  Raven x2  
  144  17:01  Viking x2  
  187  17:04  Marine x6  
  197  17:14  Marine x4  
  197  17:15  Siege Tank x2  
  198  17:22  Marine x2  
  197  17:30  Raven  
  197  17:31  Raven, Viking x2  
  198  17:42  Marine x2  
  190  17:52  Siege Tank  
  190  17:58  Siege Tank  
  196  18:01  Orbital Command, Refinery, Medivac x2  
  196  18:02  Refinery  
  196  18:03  Refinery x2  
  197  18:13  Raven  
  199  18:28  Planetary Fortress  
  199  18:33  Command Center  
  199  18:34  Command Center  
  198  18:54  Siege Tank x2  
  191  19:00  Marine  
  169  19:10  Marine x2  
  169  19:11  Marine x7  
  169  19:12  Raven x2  
  170  19:18  Marine  
  148  19:26  Siege Tank x2  
  148  19:28  Marine x7  
  148  19:29  Marine  
  156  19:38  Medivac x2  
  156  19:40  Starport Tech Lab x2  
  156  19:45  Orbital Command  
  160  19:55  Marine x8  
  160  19:58  Siege Tank  
  160  19:59  Siege Tank  
  174  20:05  SCV  
  174  20:06  SCV x3  
  178  20:10  Sensor Tower  
  178  20:13  Raven  
  173  20:31  Marine x10, Siege Tank x2  
  186  20:49  Marine  
  182  21:02  Marine x7  
  182  21:03  Siege Tank x2  
  184  21:21  Marine  
  184  21:23  Marine x3  
  184  21:24  Marine x3  
  175  21:27  Marine x2  
  175  21:29  Marine  
Tags
 
Add a new tag
Caveats
  • Supply blocks, unpowered buildings, or Contaminate may cause inaccurate times.
  • Supply counts are checked every 10 seconds.